 Dungeon Crawl Stone Soup version 0.28.0-45-g0d030f2227 (webtiles) character file.

Game seed: 13770141425864901058

46 Aphynety the Chiller (level 3, -3/16 HPs)
             Began as a Vine Stalker Ice Elementalist on Apr 18, 2022.
             Slain by an iguana (4 damage)
             ... on level 2 of the Dungeon.
             The game lasted 00:10:04 (2132 turns).

Aphynety the Chiller (VSIE)                         Turns: 2132, Time: 00:10:04

Health: -3/16      AC:  2    Str:  7 (10) XL:     3   Next: 66%
Magic:  0/8        EV: 12    Int: 15 (17) God:
Gold:   51         SH:  0    Dex: 11 (14) Spells: 0/7 levels left

rFire   . . .      SeeInvis .   (no weapon)
rCold   . . .      Faith    .   (no shield)
rNeg    . . .      Spirit   +   a - +0 robe
rPois   .          Reflect  .   (no helmet)
rElec   .          Harm     .   (no cloak)
rCorr   .          Rampage  .   (no gloves)
Will    .....                   (no boots)
Stlth   ++........              (no amulet)
HPRegen 0.05/turn               (no ring)
MPRegen 0.11/turn               (no ring)

@: no status effects
A: fangs 2, magic shield, antimagic bite, no potion heal 2
a: no special abilities


You were on level 2 of the Dungeon.
You visited 1 branch of the dungeon, and saw 2 of its levels.

You collected 51 gold pieces.

Inventory:

Armour
 a - a +0 robe (worn)
Scrolls
 b - a scroll of magic mapping {unknown}
 c - a scroll of teleportation
 d - a scroll of silence {unknown}
Potions
 e - a potion of attraction {unknown}


   Skills:
 + Level 2.1 Dodging
 + Level 3.2 Stealth
 + Level 2.7 Spellcasting
 + Level 4.3 Ice Magic


You couldn't memorise any spells.
You knew the following spells:

 Your Spells              Type           Power      Damage    Failure   Level
a - Freeze                Ice            60%        1d8       3%          1
b - Frozen Ramparts       Ice            30%        1d5       11%         3
c - Ozocubu's Armour      Ice            15%        N/A       11%         3

Your spell library contained the following spells:

 Spells                   Type           Power      Damage    Failure   Level
 Foxfire                  Conj/Fire      8%         2x1d4     21%         1
 Conjure Flame            Conj/Fire      2%         6-21      52%         3
 Inner Flame              Hex/Fire       2%         N/A       52%         3
 Hailstorm                Conj/Ice       8%         3d4       63%         4
 Flame Wave               Conj/Fire      2%         2d4       90%         4


Dungeon Overview and Level Annotations

Branches:
Dungeon (2/15)

Altars:


Innate Abilities, Weirdness & Mutations

You have extremely sharp teeth.
When hurt, damage is shared between your health and your magic reserves.
Your bite disrupts and absorbs the magic of your enemies.
Potions cannot restore your health.


Message History

The iguana bites you.
There are monsters nearby!
You hit the iguana but do no damage. The iguana bites you!
There are monsters nearby!
You are too injured to fight recklessly!
There are monsters nearby!
You are too injured to fight recklessly!
There are monsters nearby!
You are too injured to fight recklessly!
There are monsters nearby!
You are too injured to fight recklessly!
There are monsters nearby!
You are too injured to fight recklessly!
There are monsters nearby!
You are too injured to fight recklessly!
There are monsters nearby!
You are too injured to fight recklessly!
There are monsters nearby!
You are too injured to fight recklessly!
There are monsters nearby!
You are too injured to fight recklessly!
You are too injured to fight recklessly!
You barely miss the iguana. The iguana misses you.
You are too injured to fight recklessly!
You barely miss the iguana. Your bite misses the iguana. The iguana bites you.
You hit the iguana but do no damage. The iguana bites you.
You hit the iguana but do no damage.
The iguana bites you but does no damage.
You hit the iguana but do no damage. You bite the iguana. You drain its power.
You feel invigorated.
The iguana is lightly wounded.
The iguana misses you.
You hit the iguana but do no damage.
The iguana is lightly wounded.
The iguana bites you!
* * * LOW HITPOINT WARNING * * *
You barely miss the iguana. Your bite misses the iguana.
The iguana is lightly wounded.
The iguana bites you.
You die...

.# ######.##
. ........
#r##......
.....#!..#
.........
......#l#
#..@# ###.#
#.# #.#
#.#########
#.........#
###.......#
#.......###..
#............


You could see an iguana and a quokka (asleep).

Vanquished Creatures
  A gnoll (D:1)
  5 bats (D:1)
  3 endoplasms
  A giant cockroach (D:1)
  2 goblins (D:1)
  A hobgoblin (D:1)
  4 jackals (D:1)
  4 kobolds (D:1)
  5 ball pythons (D:1)
  2 frilled lizards
  7 rats
35 creatures vanquished.

Notes
Turn   | Place    | Note
-------+----------+-------------------------------------------
     0 | D:1      | Aphynety the Vine Stalker Ice Elementalist began the quest
                  | for the Orb.
     0 | D:1      | Reached XP level 1. HP: 9/9 MP: 4/4
   371 | D:1      | Reached XP level 2. HP: 7/13 MP: 3/6
  1011 | D:1      | Reached XP level 3. HP: 13/16 MP: 5/7
  1256 | D:1      | Learned a level 3 spell: Frozen Ramparts
  1260 | D:1      | Learned a level 3 spell: Ozocubu's Armour
  1808 | D:2      | Found a faded altar of an unknown god.
  2132 | D:2      | Slain by an iguana

Illustrated notes

Levels and vault maps discovered:
D:1:      amcnicky_arrival_double_pillar, layout_basic, minmay_tromino_mix6
D:2:      layout_loops_ring, basic_ecumenical_altar, kennysheep_minor_cross

Skill      XL: |  1  2  3 |
---------------+----------+-----
Stealth        | 3 |  3.2
Dodging        | 2 |  2.1
Spellcasting   | |  2.7
Ice Magic      | |  4.3

Action                   || total
-------------------------++-------
Melee: Unarmed           ||    95
       Bite              ||    22
 Cast: Freeze            ||    43
       Frozen Ramparts   ||     2
       Ozocubu's Armour  ||     1
  Use: Scroll            ||     1
       Potion            ||     1
 Stab: Sleeping          ||     1
Armor: Robe              ||    32
Dodge: Dodged            ||    98
